 Dungeon Crawl Stone Soup version 0.31-a0-636-ge1c0e020e0 (webtiles) character file.

Game seed: 2404880753549238632

32342 oldmanjim the Grappler (level 13, -3/127 HPs)
             Began as a Troll Berserker on Aug 26, 2023.
             Was a High Priest of Trog.
             Slain by a catoblepas (22 damage)
             ... on level 5 of the Lair of Beasts.
             The game lasted 01:10:57 (12659 turns).

oldmanjim the Grappler (Troll Berserker)           Turns: 12659, Time: 01:10:57

Health: -3/127     AC: 10    Str: 25    XL:     13   Next: 30%
Magic:  12/12      EV:  9    Int:  5    God:    Trog [*****.]
Gold:   300        SH: 11    Dex: 11    Spells: 12/12 levels left

rFire   . .          .
                       - Unarmed
rCold   . . .        D - +0 kite shield
rNeg    + + +        L - +2 robe {Will+}
rPois   .            (helmet currently unavailable)
rElec   +            (cloak currently unavailable)
rCorr   .            (gloves unavailable)
SInv    .            (boots unavailable)
Will    +....        C - amulet of regeneration
Stlth   +            f - +4 ring of protection
HPRegen 2.01/turn    w - ring of Autotheism {rElec rN+++ Str-5 Dex+2 Slay+4}
MPRegen 0.13/turn

%: no passive effects
@: about to teleport, beast-form
A: beast (slay +4), large, unfitting armour, claws 3, regeneration 1, shaggy fur
1, tough skin 1
a: Begin Untransformation, Renounce Religion, Berserk, Trog's Hand, Brothers in
Arms


You were on level 5 of the Lair of Beasts.
You worshipped Trog.
Trog was extremely pleased with you.
You were a hulking beast.
You visited 3 branches of the dungeon, and saw 16 of its levels.
You also visited: Ossuary.

You collected 786 gold pieces.
You spent 486 gold pieces at shops.

Inventory:

Hand Weapons
 b - a +4 flail of protection
 P - a +0 giant club
Missiles
 c - 89 stones (quivered)
 d - 9 curare-tipped darts
 I - 37 poisoned darts
Armour
 D - a +0 kite shield (worn)
 L - a +2 robe of willpower (worn)
 Q - +0 steam dragon scales
Jewellery
 f - a +4 ring of protection (left claw)
 o - an amulet of guardian spirit
 w - the ring of Autotheism (right claw) {rElec rN+++ Str-5 Dex+2 Slay+4}
   (You took it off a goblin on level 4 of the Dungeon)

   [ring of slaying]

   Str-5:     It affects your strength (-5).
   Dex+2:     It affects your dexterity (+2).
   Slay+4:    It affects your accuracy & damage with ranged weapons and melee
   (+4).
   rElec:     It insulates you from electricity.
   rN+++:     It renders you almost immune to negative energy.
 y - a +6 ring of dexterity
 C - an amulet of regeneration (around neck)
 J - a ring of ice
Talismans
 h - a beast talisman (active)
 z - a dragon-blood talisman
Wands
 i - a wand of mindburst (11)
 x - a wand of flame (49)
 E - a wand of polymorph (10)
 F - a wand of charming (8)
 R - a wand of acid (5)
Scrolls
 a - a scroll of fear {unknown}
 j - 3 scrolls of immolation
 k - 8 scrolls of teleportation
 l - a scroll of blinking {unknown}
 m - 3 scrolls of revelation
 n - 4 scrolls of vulnerability
 r - 2 scrolls of poison
 u - 3 scrolls of fog
 G - 3 scrolls of enchant armour
 H - 3 scrolls of silence
 S - a scroll of enchant weapon {unknown}
Potions
 e - 7 potions of curing
 g - 3 potions of magic {unknown}
 p - 4 potions of heal wounds {unknown}
 q - 2 potions of mutation {unknown}
 s - 3 potions of brilliance {unknown}
 t - 2 potions of attraction
 v - 3 potions of haste {unknown}
 A - a potion of might
 B - 4 potions of lignification
 K - 2 potions of resistance {unknown}
 M - a potion of cancellation
 N - 2 potions of invisibility
 O - a potion of enlightenment


   Skills:
 - Level 8.0 Fighting
 - Level 3.0 Maces & Flails
 - Level 3.0 Throwing
 - Level 2.4 Dodging
 - Level 10.0 Shields
 + Level 13.7 Unarmed Combat
 - Level 2.0 Evocations
 + Level 10.4 Shapeshifting


You had 12 spell levels left.
You didn't know any spells.
Your spell library was empty.

Dungeon Overview and Level Annotations

Branches:
Dungeon (10/15)            Temple (1/1) D:6            Lair (5/5) D:9
 Shoals (0/4) Lair:3        Snake (0/4) Lair:2        Slime (0/5) Lair:4
    Orc (0/2) D:10        Ossuary (visited)

Altars:
Ashenzari
Cheibriados
Dithmenos
Elyvilon
Fedhas
Gozag
Hepliaklqana
Kikubaaqudgha
Makhleb
Nemelex Xobeh
Okawaru
Qazlal
Ru
Sif Muna
Trog
Uskayaw
Vehumet
Wu Jian
Xom
Yredelemnul
Zin
The Shining One
Jiyva

Shops:
D:4 (!*(!


Innate Abilities, Weirdness & Mutations

You are a hulking beast.
Your limbs bulge with bestial killing power. (Slay +4)
You are too large for most types of armour.
You have claws for hands.
Your natural rate of healing is unusually fast.
You are covered in fur. (AC +1)
You have tough skin. (AC +1)


Message History

The catoblepas gores you!
A yak comes into view.
The ten-headed hydra is engulfed in calcifying dust.
The ten-headed hydra is no longer petrified.
The ten-headed hydra is engulfed in calcifying dust.
The ten-headed hydra is moving more slowly.
The ten-headed hydra bites you but does no damage.
The ten-headed hydra misses you.
You block the ten-headed hydra's attack.
The ten-headed hydra bites you.
You block the ten-headed hydra's attack.
The ten-headed hydra bites you! x2
The ten-headed hydra bites you but does no damage. x3
You strike the helpless ten-headed hydra from behind!
You claw one of the ten-headed hydra's heads off!
The nine-headed hydra grows two more!
You mangle the 11-headed hydra!!
The 11-headed hydra is moderately wounded.
The 11-headed hydra completely misses you.
The 11-headed hydra bites you. The 11-headed hydra barely misses you.
The 11-headed hydra bites you!
You block the 11-headed hydra's attack. x2
The 11-headed hydra bites you!
The 11-headed hydra bites you but does no damage.
You block the 11-headed hydra's attack. The 11-headed hydra bites you!
The 11-headed hydra bites you. The catoblepas gores you!!
As you read the scroll of teleportation, it crumbles to dust.
You feel strangely unstable. The yak barely misses you.
The 11-headed hydra barely misses you. You block the 11-headed hydra's attack.
The 11-headed hydra bites you.
You block the 11-headed hydra's attack. x2
The 11-headed hydra bites you.
* * * LOW HITPOINT WARNING * * *
The 11-headed hydra bites you.
* * * LOW HITPOINT WARNING * * *
The 11-headed hydra bites you.
* * * LOW HITPOINT WARNING * * *
The 11-headed hydra bites you!
* * * LOW HITPOINT WARNING * * *
You block the 11-headed hydra's attack.
The 11-headed hydra bites you but does no damage.
The catoblepas gores you!!
You die...

#.....P............
#..................
##............P.....
#......#..........#.
##...........#....#
###..................
#.##................P
#....#.....Y.......
##........hD.......
#....#.....Y.Y.Y...
##.................
#.................
##................
#.................
#.................
##..#.##.........
#...#....P.......


You could see a catoblepas, a 11-headed hydra (petrifying) and 3 yaks.

Vanquished Creatures
  Fannar (Lair:2)
  4 hydras
  3 death yaks
  A two-headed ogre (D:9)
  Nergalle (D:10)
  Sonja (D:10)
  Amaemon (Lair:3)
  2 harpies (Lair:3)
  An oklob plant (Lair:3)
  Joseph (D:10)
  9 elephants
  An orange demon (Lair:3)
  2 black mambas
  A torpor snail (Lair:1)
  5 cane toads
  Jeremiah (D:7)
  2 komodo dragons
  2 rime drakes
  A troll (D:9)
  2 polar bears
  3 blink frogs (Lair:3)
  7 dream sheep (Lair:3)
  The ghost of zenocrate the Insei, an amateur OpSh (D:4)
  2 shadows (D:10)
  5 wyverns
  5 steam dragons
  34 yaks
  5 basilisks
  Menkaure (D:4)
  3 nagas (Lair:2)
  Duvessa (D:5)
  12 water moccasins
  Edmund (D:6)
  An acid dragon (D:9)
  2 black bears
  3 orc warriors
  A sky beast (D:7)
  4 wolves (Lair:4)
  2 ogres (D:6)
  4 centaurs
  3 phantoms
  4 kobold brigands
  5 bullfrogs
  2 gnoll sergeants (D:9)
  2 scorpions
  3 wights (D:8)
  4 troll zombies (D:10)
  Dowan (D:5)
  6 killer bees (D:7)
  2 electric eels (Lair:3)
  9 howler monkeys
  A crimson imp (D:9)
  4 centaur zombies (Ossuary)
  3 hounds
  3 jellies
  7 orc priests
  3 iguanas
  Terence (D:2)
  A sleepcap (D:6)
  Ijyb (D:4)
  Natasha (thrice) (D:3)
  7 orc wizards
  7 hell rats (Lair:2)
  5 ogre zombies
  8 mummies
  11 gnolls
  12 adders
  3 shadow imps
  A white imp (D:7)
  5 adder zombies (Ossuary)
  2 worms (D:2)
  24 orcs
  6 ball pythons
  2 bats
  10 endoplasms
  3 giant cockroaches
  6 goblins
  6 hobgoblins
  2 jackals (D:4)
  3 quokkas
  6 frilled lizards
  2 goblin skeletons (D:10)
  5 goblin zombies
  A hobgoblin skeleton (D:10)
  5 hobgoblin zombies
  32 kobolds
  6 kobold zombies
  4 orc skeletons (D:10)
  15 orc zombies (D:10)
  4 quokka zombies (Ossuary)
  6 rats
  5 rat zombies (Ossuary)
421 creatures vanquished.

Notes
Turn   | Place    | Note
-------+----------+-------------------------------------------
     0 | D:1      | oldmanjim the Troll Berserker began the quest for the Orb.
     0 | D:1      | Reached XP level 1. HP: 22/22 MP: 0/0
    81 | D:1      | Reached XP level 2. HP: 29/29 MP: 1/1
   403 | D:1      | Reached ** piety under Trog
   404 | D:1      | Reached XP level 3. HP: 36/36 MP: 2/2
   920 | D:2      | Noticed Terence
   932 | D:2      | Killed Terence
   933 | D:2      | Reached skill level 1 in Shapeshifting
   933 | D:2      | Reached XP level 4. HP: 29/45 MP: 3/3
  1124 | D:2      | Reached skill level 4 in Unarmed Combat
  1247 | D:2      | Found a faded altar of an unknown god.
  1647 | D:3      | Noticed Natasha
  1659 | D:3      | Killed Natasha
  1660 | D:3      | Reached XP level 5. HP: 39/53 MP: 2/4
  1888 | D:3      | Noticed Natasha
  1892 | D:3      | Killed Natasha
  1942 | D:3      | Noticed Natasha
  1949 | D:3      | Killed Natasha
  1960 | D:4      | Found Boti's Assorted Antiques.
  1975 | D:4      | Reached XP level 6. HP: 62/62 MP: 5/5
  1990 | D:4      | Bought a scroll labelled FAIKOLUNOPN for 24 gold pieces
  1990 | D:4      | Bought a smoky clear potion for 21 gold pieces
  1990 | D:4      | Bought a brown potion for 21 gold pieces
  2034 | D:4      | Noticed a water elemental
  2036 | D:4      | Found a stormy altar of Qazlal.
  2039 | D:4      | Found a large runed translucent door.
  2039 | D:4      | Found a large runed translucent door.
  2057 | D:4      | Found a sacrificial altar of Ru.
  2057 | D:4      | Noticed Menkaure
  2061 | D:4      | Killed Menkaure
  2061 | D:4      | Reached *** piety under Trog
  2062 | D:4      | Reached skill level 5 in Unarmed Combat
  2079 | D:4      | Found a sand-covered staircase.
  2086 | Ossuary  | Entered an ossuary
  2215 | Ossuary  | Reached XP level 7. HP: 71/71 MP: 4/6
  2636 | D:4      | Found Xewer's Antique Weapon Boutique.
  2637 | D:4      | Noticed Ijyb
  2639 | D:4      | Identified the ring of Autotheism {rElec rN+++ Str-5 Dex+2
                  | Slay+4}
  2643 | D:4      | Killed Ijyb
  2645 | D:4      | Reached **** piety under Trog
  2703 | D:4      | Found Roji Pos's Distillery.
  2706 | D:4      | Bought a potion of curing for 36 gold pieces
  2706 | D:4      | Bought a potion of degeneration for 12 gold pieces
  2708 | D:4      | Bought a potion of might for 48 gold pieces
  2708 | D:4      | Bought a potion of lignification for 36 gold pieces
  2958 | D:4      | Found Oshroir's Weapon Shoppe.
  2988 | D:4      | Noticed an air elemental
  2990 | D:4      | Noticed a fire elemental
  3040 | D:4      | Noticed zenocrate's ghost (amateur OpSh)
  3068 | D:4      | Found Qiggut's Distillery.
  3808 | D:1      | Upgraded the game from 0.31-a0-632-g766dd24fdf to
                  | 0.31-a0-636-ge1c0e020e0
  3894 | D:4      | Killed zenocrate's ghost
  3895 | D:4      | Reached skill level 5 in Fighting
  3895 | D:4      | Reached skill level 6 in Unarmed Combat
  3934 | D:5      | Entered Level 5 of the Dungeon
  3944 | D:5      | Reached XP level 8. HP: 70/80 MP: 5/7
  3999 | D:5      | Reached skill level 5 in Shapeshifting
  4024 | D:5      | Identified the +0 spear of the Known World {pain, rElec}
  4105 | D:5      | Noticed Dowan
  4107 | D:5      | Noticed Duvessa
  4111 | D:5      | Killed Dowan
  4116 | D:5      | Killed Duvessa
  4293 | D:5      | Reached skill level 7 in Unarmed Combat
  4389 | D:5      | Found an ancient bone altar of Kikubaaqudgha.
  4854 | D:6      | Reached skill level 1 in Shields
  5305 | D:6      | Reached XP level 9. HP: 84/88 MP: 8/8
  5358 | D:6      | Found a staircase to the Ecumenical Temple.
  5365 | Temple   | Entered the Ecumenical Temple
  5492 | D:6      | Noticed Edmund
  5500 | D:6      | Killed Edmund
  5521 | D:6      | Found a sparkling altar of Nemelex Xobeh.
  5809 | D:7      | Reached skill level 8 in Unarmed Combat
  5813 | D:7      | Noticed Jeremiah
  5823 | D:7      | Killed Jeremiah
  5881 | D:7      | Found an ornate altar of the Wu Jian Council.
  6316 | D:7      | Reached skill level 9 in Unarmed Combat
  6525 | D:8      | Reached skill level 1 in Throwing
  6650 | D:8      | Reached skill level 5 in Shields
  6767 | D:8      | Reached ***** piety under Trog
  6768 | D:8      | Reached XP level 10. HP: 96/96 MP: 9/9
  6798 | D:8      | Found a shimmering altar of Xom.
  6980 | D:9      | Found an opulent altar of Gozag.
  7145 | D:9      | Noticed a death yak
  7166 | D:9      | Killed a death yak
  7172 | D:9      | Reached skill level 10 in Unarmed Combat
  7190 | D:9      | Found a staircase to the Lair.
  7421 | D:9      | Noticed a two-headed ogre
  7439 | D:9      | Killed a two-headed ogre
  7537 | D:9      | Found a burning altar of Makhleb.
  7561 | D:9      | Found a radiant altar of Vehumet.
  7776 | D:10     | Entered Level 10 of the Dungeon
  7777 | D:10     | Noticed Nergalle
  7787 | D:10     | Killed Nergalle
  7788 | D:10     | Reached skill level 1 in Maces & Flails
  7949 | D:10     | Reached XP level 11. HP: 105/105 MP: 10/10
  8014 | D:10     | Found a staircase to the Orcish Mines.
  8035 | D:10     | Noticed Sonja
  8046 | D:10     | Killed Sonja
  8047 | D:10     | Reached skill level 11 in Unarmed Combat
  8114 | D:10     | Found a white marble altar of Elyvilon.
  8172 | D:10     | Received a gift from Trog
  8239 | D:10     | Noticed Joseph
  8249 | D:10     | Killed Joseph
  8267 | D:10     | Found a hazy altar of Hepliaklqana.
  8326 | D:10     | Found a basalt altar of Yredelemnul.
  8581 | D:4      | Bought a potion of attraction for 36 gold pieces
  8581 | D:4      | Bought a potion of cancellation for 96 gold pieces
  8581 | D:4      | Bought a potion of invisibility for 96 gold pieces
  8581 | D:4      | Bought a potion of enlightenment for 60 gold pieces
  8759 | Lair:1   | Entered Level 1 of the Lair of Beasts
  9055 | Lair:1   | Noticed a death yak
  9055 | Lair:1   | Noticed a death yak
  9075 | Lair:1   | Killed a death yak
  9083 | Lair:1   | Killed a death yak
  9817 | Lair:2   | Noticed Fannar
  9851 | Lair:2   | Killed Fannar
  9852 | Lair:2   | Reached XP level 12. HP: 116/118 MP: 11/11
  9862 | Lair:2   | Reached skill level 12 in Unarmed Combat
 10051 | Lair:2   | Found a staircase to the Snake Pit.
 10524 | Lair:3   | Noticed a seven-headed hydra
 10532 | Lair:3   | Killed a seven-headed hydra
 10893 | Lair:3   | Reached ****** piety under Trog
 10977 | Lair:3   | Noticed Amaemon
 11083 | Lair:3   | Found a staircase to the Shoals.
 11091 | Lair:3   | Reached skill level 13 in Unarmed Combat
 11092 | Lair:3   | Reached skill level 10 in Shields
 11168 | Lair:3   | Killed Amaemon
 11168 | Lair:3   | Received a gift from Trog
 11306 | Lair:3   | Reached XP level 13. HP: 108/127 MP: 12/12
 11629 | Lair:4   | Reached skill level 1 in Evocations
 11689 | Lair:4   | Found a staircase to the Slime Pits.
 11750 | Lair:4   | Reached skill level 10 in Shapeshifting
 12301 | Lair:4   | Found a viscous altar of Jiyva.
 12614 | Lair:5   | Entered Level 5 of the Lair of Beasts
 12659 | Lair:5   | Slain by a catoblepas

Illustrated notes

Levels and vault maps discovered:
D:1:      minmay_arrival_jagged, layout_loops_ring, st_stairs_11
D:2:      layout_loops_ring, nicolae_ecumenical_oubliette, uniq_terence
D:3:      layout_rooms, uniq_natasha
D:4:      layout_cave_pods, old_standard_altar,
          nicolae_qazlal_style_of_elements, serial_shops, nicolae_stop_n_shop_1,
          nicolae_shop_real_fake_doors, nicolae_stop_n_shop_1, shop,
          nicolae_shop_advertising_works [nicolae_subvault_shop_adworks],
          nicolae_ossuary_entry_giza, ebering_ghost_disaster_area,
          uniq_menkaure, uniq_ijyb
D:5:      layout_loops_ring, nicolae_kikubaaqudgha_miasma_corner, uniq_duvessa
D:6:      nicolae_cairo_tiling_large_dashed, layout_basic,
          lemuel_coloured_pillars_altar, minmay_temple_entry_junction,
          uniq_edmund
D:7:      layout_basic, mainiacjoe_overflow_alcove_4, uniq_jeremiah
D:8:      layout_rooms, mainiacjoe_overflow_alcove_2
D:9:      layout_basic, grunt_temple_overflow_lords_of_destruction,
          mainiacjoe_overflow_boulevard, david_lair_generic
D:10:     layout_rooms, kennysheep_ying_yang, kennysheep_mini,
          zombieorc2_lemuel, dk_vineyard_2, small_statue_alley_a, uniq_sonja,
          uniq_joseph, uniq_nergalle
Temple:   nicolae_temple_ecumenical_triangle
Lair:1:   layout_misc_corridors, cheibrodos_lair_reptile_den
Lair:2:   layout_loops_ring, minmay_snake_entry_guardpost_small, st_stairs_10,
          beast_lair_carwin_6, uniq_fannar
Lair:3:   layout_hall_layers, nicolae_shoals_entry_roost,
          chequers_serial_rivers_micro_d, minivault_23, serial_bayou_shore_b,
          grunt_megastairs_2, infiniplex_staircase_pool, uniq_amaemon
Lair:4:   layout_cave_pods, slime_entry_1, lemuel_fruit_tree
Lair:5:   evilmike_catoblepas_cave, layout_long_grid

Skill      XL: |  1  2  3  4  5  6  7  8  9 10 11 12 13 |
---------------+----------------------------------------+-----
Fighting       | 3 4 5 6 7 8 |  8.0
Shapeshifting  | 1 2 3 4 6 7 8 9 10 | 10.4
Unarmed Combat | 4 5 6 7 9 10 11 13 | 13.7
Shields        | 2 5 7 8 10 | 10.0
Throwing       | 1 3 |  3.0
Maces & Flails | 1 3 |  3.0
Evocations     | 2 |  2.0
Dodging        | |  2.4

Action                     |  1- 3 |  4- 6 |  7- 9 | 10-12 | 13-15 || total
---------------------------+-------+-------+-------+-------+-------++-------
  Melee: Unarmed           |    95 |   124 |   258 |   513 |    72 ||  1062
         Punch             |     1 |     4 |    10 |       |       ||    15
         Flail             |       |       |       |     4 |    18 ||    22
  Throw: Stone             |       |       |    11 |    22 |     6 ||    39
 Invoke: Berserk           |       |       |     2 |     5 |     2 ||     9
         Trog's Hand       |       |       |     1 |     1 |       ||     2
  Evoke: Wand              |       |       |       |     4 |       ||     4
    Use: Scroll            |       |       |     6 |     4 |     1 ||    11
   Stab: Petrified         |       |       |       |       |     2 ||     2
         Petrifying        |       |       |       |       |     1 ||     1
 Armour: Animal skin       |    35 |    57 |    34 |       |       ||   126
         Robe              |       |       |    47 |   144 |    39 ||   230
  Dodge: Dodged            |    42 |    52 |   100 |   146 |    37 ||   377
  Block: Kite shield       |       |       |    12 |   223 |    59 ||   294
   Form: Beast             |     1 |       |       |       |       ||     1

Table legend: (Time is in decaauts)
 A = Elapsed time spent in this place.
 B = Non-inter-level travel time spent in this place.
 C = Inter-level travel time spent in this place.
 D = Time resting spent in this place.
 E = Time spent auto-exploring this place.
 F = Levels seen in this place.
 G = Mean time per level.
                   A        B        C        D        E       F      G
               +--------+--------+--------+--------+--------+-----+--------+
         Total |  12651 |  11635 |   1016 |    536 |   8275 |  17 |  744.2 |
       Dungeon |   8298 |   7443 |    855 |    107 |   5750 |  10 |  829.8 |
        Temple |      1 |      1 |      0 |      0 |      0 |   1 |    1.0 |
          Lair |   3903 |   3742 |    161 |    428 |   2239 |   5 |  780.6 |
       Ossuary |    447 |    447 |      0 |      0 |    286 |   1 |  447.0 |
               +--------+--------+--------+--------+--------+-----+--------+

Top non-repeatable levels by time:
  Lair:3: 1157 daAuts
     D:4: 1114 daAuts
  Lair:4: 1054 daAuts
  Lair:2: 894 daAuts
     D:5: 882 daAuts
     D:9: 879 daAuts
     D:3: 868 daAuts
     D:6: 860 daAuts
     D:7: 857 daAuts
     D:1: 803 daAuts
     D:2: 776 daAuts
  Lair:1: 752 daAuts
    D:10: 736 daAuts
     D:8: 519 daAuts
 Ossuary: 447 daAuts
